 Dungeon Crawl Stone Soup version 0.18.1-5-g4a78601 (webtiles) character file.

86 M4edhros the Sneak (level 4, 0/42 HPs)
             Began as an Octopode Artificer on May 13, 2016.
             Succumbed to a worker ant's poison
             ... on level 4 of the Dungeon.
             The game lasted 00:01:10 (1348 turns).

M4edhros the Sneak (Octopode Artificer)             Turns: 1348, Time: 00:01:10

Health: 0/42       AC: 22    Str: 10    XL:     4   Next: 50%
Magic:  6/6        EV:  2    Int: 14    God:
Gold:   91         SH:  0    Dex: 18    Spells: 0 memorised, 3 levels left

rFire  . . .     SeeInvis .     a - +0 short sword
rCold  . . .     Gourm    .     (no shield)
rNeg   + + +     Faith    .     (helmet currently unavailable)
rPois  +         Spirit   .     (no amulet)
rElec  .         Dismiss  .     (no ring)
rCorr  .         Reflect  .     (no ring)
SustAt .         Harm     .     (no ring)
MR     .....     NoTele   +     (no ring)
Stlth  ++++++....               (no ring)
                                (no ring)
                                (no ring)
                                (no ring)

@: agile, lethally poisoned (0 -> -3), tree-form, not resistant to hostile
enchantments, very stealthy
A: almost no armour, (amphibious), 8 rings, (constrict 8), (camouflage 0),
(gelatinous body 0)
a: no special abilities


You were on level 4 of the Dungeon.
You were very hungry.
You were a tree.
You visited 1 branch of the dungeon, and saw 4 of its levels.

You collected 91 gold pieces.

Inventory:

Hand Weapons
 a - a +0 short sword (weapon)
Wands
 b - a wand of flame (15/48)
 c - a wand of enslavement (15/24)
 d - a wand of random effects (15/48)
Scrolls
 h - a scroll of identify
 l - a scroll of teleportation
Potions
 j - a potion of flight
Comestibles
 f - a bread ration
 m - a meat ration


   Skills:
 - Level 1.0 Fighting
 - Level 1.0 Short Blades
 - Level 2.0 Dodging
 + Level 6.1 Stealth
 - Level 3.2 Evocations


You had 3 spell levels left.
You didn't know any spells.

Dungeon Overview and Level Annotations

Branches:
Dungeon (4/15)
 Temple: D:4-7

Altars:
Elyvilon


Innate Abilities, Weirdness & Mutations

You cannot wear most types of armour.
((You are amphibious.))
You can wear up to eight rings at the same time.
((You can use your tentacles to constrict eight enemies at once.))
((Your skin changes colour to match your surroundings (Stealth).))
((Your rubbery body absorbs attacks (AC +1).))


Message History

Read which item? (? for menu, Esc to quit)
As you read the scroll labeled LOUTTO AFAV, it crumbles to dust.
The dust glows bright cyan!
It was a scroll of random uselessness.
* * * LOW HITPOINT WARNING * * *
You feel sick.
Read which item? (? for menu, Esc to quit)
As you read the scroll labeled JOKHIE ROAKH, it crumbles to dust.
You feel blessed for a moment.
It was a scroll of remove curse.
Read which item? (? for menu, Esc to quit)
As you read the scroll labeled MOOSYG UMAOCOPP, it crumbles to dust.
It is a scroll of identify.
Identify which item? (\ to view known items) (? for menu, Esc to quit)
l - a scroll of teleportation
* * * LOW HITPOINT WARNING * * *
You feel sick.
* * * LOW HITPOINT WARNING * * *
You feel sick.
* * * LOW HITPOINT WARNING * * *
You feel sick.
You die...

#.# #.# #.# #.#
#.###.####.# #.#
#..........# #.#
#####.###### #.#
##########.# #[#
...........# #####.#
.#####.##..## #.....#
.####.........####.#####
............#...♣)..#
.####..##...######†.# .#
#..##...# #..# .#
#..##...# #..#
.####..##...######g!##
...................%.#
.####.#.#...####.....#
......#.#............#
..#####..<...........#


There were no monsters in sight!

Vanquished Creatures
  A worker ant (D:4)
  2 adders
  2 gnolls (D:4)
  A dart slug (D:4)
  2 bats
  A giant cockroach (D:4)
  5 goblins
  2 hobgoblins
  A kobold (D:1)
  2 quokkas (D:3)
  A giant newt (D:3)
  4 rats (D:1)
24 creatures vanquished.

Notes
Turn   | Place    | Note
--------------------------------------------------------------
     0 | D:1      | M4edhros the Octopode Artificer began the quest for the Orb.
     0 | D:1      | Reached XP level 1. HP: 13/13 MP: 3/3
    41 | D:1      | Reached skill level 2 in Stealth
   288 | D:1      | Reached skill level 3 in Stealth
   288 | D:1      | Reached XP level 2. HP: 18/18 MP: 4/4
   643 | D:2      | Reached skill level 4 in Stealth
   651 | D:2      | Reached XP level 3. HP: 12/23 MP: 5/5
   855 | D:3      | Found a white marble altar of Elyvilon.
  1198 | D:4      | Reached skill level 5 in Stealth
  1202 | D:4      | Reached XP level 4. HP: 8/28 MP: 6/6
  1331 | D:4      | Reached skill level 6 in Stealth
  1342 | D:4      | HP: 2/42 [poisoned by a worker ant]
  1348 | D:4      | Succumbed to a worker ant's poison

Skill      XL: |  1  2  3  4 |
---------------+-------------+-----
Stealth        | 3 4 5 6 |  6.1
Fighting       | |  1.0
Short Blades   | |  1.0
Dodging        | |  2.0
Evocations     | |  3.2

Action                   |  1- 3 |  4- 6 || total
-------------------------+-------+-------++-------
Melee: Short sword       |    42 |     7 ||    49
       Constrict         |     9 |     1 ||    10
       Tentacles         |    10 |     4 ||    14
  Use: Scroll            |       |     3 ||     3
       Potion            |       |     3 ||     3
 Stab: Sleeping          |    10 |       ||    10
       Distracted        |     1 |       ||     1
Armor: Skin              |     1 |       ||     1
Dodge: Dodged            |    21 |     5 ||    26
